 Dungeon Crawl Stone Soup version bcrawl-1.12-11-gb93c957c58 (webtiles) character file.

Game seed: 1417995385781042271

35 JarielCorvus the Ducker (level 3, -5/23 HPs)
             Began as an Avariel Reaver on June 30, 2019.
             Was a Follower of Vehumet.
             Killed by divine providence
             ... invoked by an orc priest
              (15 damage)
             ... on level 2 of the Dungeon.
             The game lasted 00:04:09 (1385 turns).

JarielCorvus the Ducker (Avariel Reaver)            Turns: 1385, Time: 00:04:09

Health: -5/23      AC:  5    Str: 10    XL:     3   Next: 33%
Magic:  9/9        EV: 13    Int: 19    God:    Vehumet [*.....]
Gold:   89         SH:  1    Dex: 11    Spells: 8/8 levels left

rFire    . . .     SeeInvis .   a - +0 long sword
rCold    . . .     Gourm    .   (no shield)
rNeg     . . .     Faith    .   b - +0 steam dragon scales
rPois    .         Spirit   .   (no helmet)
rElec    .         Reflect  .   (no cloak)
rCorr    .         Harm     .   (no gloves)
MR       .....                  (no boots)
Stlth    +.........             (no amulet)
HPRegen  0.07/turn              (no ring)
MPRegen  0.11/turn              (no ring)

@: no status effects
A: no striking features
a: Renounce Religion


You were on level 2 of the Dungeon.
You worshipped Vehumet.
Vehumet was aware of your devotion.
You were near starving.

You visited 1 branch of the dungeon, and saw 2 of its levels.

You collected 89 gold pieces.

Inventory:

Hand Weapons
 a - a +0 long sword (weapon)
Armour
 b - +0 steam dragon scales (worn)
Scrolls
 d - a scroll of immolation
 e - a scroll of identify
 i - a scroll of enchant weapon {unknown}
 j - a scroll of enchant armour {unknown}
Potions
 c - a potion of haste
 g - a potion of berserk rage
 h - a potion of curing {unknown}
Comestibles
 f - 3 rations {!d}


   Skills:
 * Level 3.1 Fighting
 + Level 3.5 Long Blades
 + Level 3.5 Dodging
 * Level 3.4 Spellcasting


You had 8 spell levels left.
You didn't know any spells.
Your spell library contained the following spells:

 Spells                   Type           Power        Failure   Level  Hunger
 Sandblast                Erth           #.....       14%         1    None
 Iskenderun's Battlesphe  Conj/Chrm      #.......     99%         5    ######.


Dungeon Overview and Level Annotations

Branches:
Dungeon (2/12)

Altars:
Wu Jian


Message History

The orc wizard casts a spell at you.
You are confused.
Found a ration.
The orc shouts!
The orc priest shouts!
You hear a shout!
The orc wizard gestures wildly while chanting.
The orc wizard flickers and vanishes!
Deactivating autopickup; reactivate with Ctrl-A.
An orc wizard comes into view. It is wielding a +0 dagger.
The orc priest mumbles some strange prayers to Beogh against you.
Beogh smites you!
Ouch! That really hurt!
The orc wizard miscasts a cantrip.
The orc barely misses you.
You hit the dart slug.
The dart slug is heavily wounded.
You feel less confused.
The orc priest mumbles some strange prayers to Beogh against you.
Beogh smites you!
Ouch! That really hurt!
You die...

.%.......# ######..
..........# ........
..........## ........
...o....... ........)
...o......# ..........
..........####......^...
.......o................
.......ow.........<.....
.......@........###.....
##.....##.......# #.....
#.....##.......# #.....
#.....##.).....# #.....
#.....##.......# ..
#.....##.......# #.
#.....##..(....#######.
#.....##.....^.......#.
#.....##.......#####.#.


You could see an orc priest, an orc wizard, a dart slug and 2 orcs.

Vanquished Creatures
  A worm (D:1)
  A dart slug (D:1)
  A leopard gecko (D:1)
  A ball python (D:2)
  2 giant cockroaches (D:1)
  2 goblins (D:1)
  6 hobgoblins
  2 jackals (D:1)
  A bat (D:1)
  A frilled lizard (D:1)
  5 kobolds
  3 rats (D:1)
26 creatures vanquished.

Notes
Turn   | Place    | Note
-------+----------+-------------------------------------------
     0 | D:1      | JarielCorvus the Avariel Reaver began the quest for the
                  | Orb.
     0 | D:1      | Reached XP level 1. HP: 13/13 MP: 6/6
    79 | D:1      | Reached XP level 2. HP: 15/18 MP: 8/8
   525 | D:1      | Reached XP level 3. HP: 22/23 MP: 9/9
  1179 | D:2      | Reached * piety under Vehumet
  1179 | D:2      | Offered knowledge of Sandblast by Vehumet.
  1185 | D:2      | Found an ornate altar of the Wu Jian Council.
  1385 | D:2      | Killed from afar by an orc priest

Skill      XL: |  1  2 |
---------------+-------+-----
Spellcasting   | 3 |  3.4
Fighting       | 3 |  3.1
Long Blades    | |  3.5
Dodging        | |  3.5

Action                   || total
-------------------------++-------
Melee: Long sword        ||   106
  Use: Scroll            ||     1
 Stab: Sleeping          ||     1
Armor: Steam dragon scal ||    26
Dodge: Dodged            ||    69
